 Dungeon Crawl Stone Soup version 0.29-a0-284-gf9362112df (webtiles) character file.

Game seed: 9997796842699501134

67 spaghetti the Magician (level 4, -9/27 HPs)
             Began as an Octopode Earth Elementalist on Mar 22, 2022.
             Was a Believer of Sif Muna.
             Mangled by a gnoll
             ... wielding a +0 flail
              (10 damage)
             ... on level 3 of the Dungeon.
             The game lasted 00:03:32 (2061 turns).

spaghetti the Magician (OpEE)                       Turns: 2061, Time: 00:03:32

Health: -9/27      AC:  1    Str:  7    XL:     4   Next: 16%
Magic:  8/9        EV:  7    Int: 19    God:    Sif Muna [**....]
Gold:   214        SH:  0    Dex: 12    Spells: 6/9 levels left

rFire   . . .      SeeInvis .   f - +1 dagger (elec) {short}
rCold   . . .      Faith    .   (no shield)
rNeg    . . .      Spirit   .   (helmet restricted)
rPois   .          Reflect  .   (no amulet)
rElec   .          Harm     .   (no ring)
rCorr   .          Rampage  .   (no ring)
Will    .....                   (no ring)
Stlth   +++.......              (no ring)
HPRegen 0.09/turn               (no ring)
MPRegen 0.11/turn               (no ring)
                                (no ring)
                                (no ring)

@: held
A: almost no armour, amphibious, 8 rings, camouflage 1, gelatinous body 1,
(nimble swimmer 1), tentacles
a: Renounce Religion, Channel Magic


You were on level 3 of the Dungeon.
You worshipped Sif Muna.
Sif Muna was pleased with you.
You visited 1 branch of the dungeon, and saw 3 of its levels.

You collected 214 gold pieces.


Innate Abilities, Weirdness & Mutations

You cannot wear most types of armour.
You are amphibious.
You can wear up to eight rings at the same time.
Your skin changes colour to match your surroundings (Stealth+).
Your rubbery body absorbs attacks. (AC +1, EV +1)
((You are camouflaged when in or above water. (Stealth+)))
You have tentacles for arms and can constrict up to eight enemies at once.


   Skills:
 - Level 2.2 Dodging
 - Level 3.1 Stealth
 + Level 3.4 Spellcasting
 - Level 1.3 Transmutations
 - Level 3.1 Earth Magic


You had 6 spell levels left.
You knew the following spells:

 Your Spells              Type           Power      Damage    Failure   Level
a - Sandblast             Erth           30%        2d9       4%          1
b - Passwall              Tmut/Erth      9%         N/A       9%          2

Your spell library contained the following spells:

 Spells                   Type           Power      Damage    Failure   Level
 Slow                     Hex            12%        N/A       14%         1
 Stone Arrow              Conj/Erth      18%        3d8       22%         3
 Confusing Touch          Hex            3%         N/A       41%         3
 Vampiric Draining        Necr           3%         2d6       41%         3
 Petrify                  Tmut/Erth      11%        N/A       50%         4

Inventory:

Hand Weapons
 d - a +0 club {mace}
   (You took it off a goblin on level 1 of the Dungeon)
 f - a +1 dagger of electrocution (weapon) {short}
   (You took it off a goblin on level 1 of the Dungeon)
Missiles
 a - 30 stones {throwing}
Magical Staves
 g - a staff of fire {!astaff}
   (You found it on level 1 of the Dungeon)
Scrolls
 e - a scroll of teleportation {unknown}
 h - a scroll of blinking {unknown}
 j - a scroll of fear {unknown}
 k - 4 scrolls of identify {unknown}
 m - a scroll of summoning {unknown}
Potions
 b - 2 potions of magic
 c - a potion of lignification {unknown}
 i - a potion of heal wounds {unknown}
 l - a potion of haste {unknown}
 n - a potion of mutation {unknown}
 o - 2 potions of might {unknown}

Dungeon Overview and Level Annotations

Branches:
Dungeon (3/15)

Altars:
Dithmenos
Sif Muna

Shops:
D:2 ?* D:3

[ ##### ######.∩..
#......... #.........
###############.........
........................
........................
.....gg.........####....
#..g@...........'....
#..g.........####....
#............# #....
#............# ###.#
#............# #..
#............# ##.
###.......#### #..
#.......# #.. #.......#
#..


You could see 4 gnolls.


Message History

Your hp is fully restored (27).
There is a stone staircase leading down here.
You climb downwards.
There is a stone staircase leading up here.
Found a stone staircase leading down.
A ball python comes into view.
A ball python is nearby!
The ball python hisses angrily.
The ball python bites you.
The ball python completely misses you. 😕 HP[-2]
You take 2 damage, and now have 25/27 hp.
You hit the ball python.
You kill the ball python!
Sif Muna accepts your kill.
No target in view!
Key pressed, stopping explore.
A kobold comes into view. It is wielding a +0 whip. 😎 HP[+2]
Your hp is fully restored (27).
A kobold is nearby!
A kobold is nearby!
The kobold shouts!
You hit the kobold but do no damage. You grab the kobold.
You constrict the kobold, but do no damage.
The kobold hits you but does no damage.
You hit the kobold.
You kill the kobold!
Sif Muna accepts your kill.
No target in view!
No target in view!
No target in view!
No target in view!
Things that are here:
a +0 whip {mace}; a kobold corpse Key pressed, stopping explore.
You now have 198 gold pieces (gained 12).
You now have 214 gold pieces (gained 16).
You open the door.
Found Qeemmi's Antique Armour Shop.
There is an open door here.
There is an entrance to Qeemmi's Antique Armour Shop here.
Found a stone staircase leading down.
A hobgoblin comes into view.
A hobgoblin is nearby!
A hobgoblin is nearby!
No target in range!
No target in range!
The blast of sand hits the hobgoblin.
The hobgoblin shouts! 😎 MP[-1]
You lost 1 mp, and now have 8/9 mp.
The blast of sand hits the hobgoblin!
You kill the hobgoblin!
Sif Muna accepts your kill. 😎 MP[-1]
You lost 1 mp, and now have 7/9 mp.
No target in view!
No target in view!
A gnoll comes into view. It is wielding a +0 spear.
A gnoll comes into view. It is wielding a +0 flail.
There are monsters nearby!
There are monsters nearby!
There are monsters nearby! 2 gnolls come into view.
The gnoll moves out of view.
The gnoll shouts! x3
The gnoll throws a throwing net.
The throwing net hits you.
You become entangled in the net!
The gnoll shouts!
You see here a throwing net {=f!fthrowing}. 😎 MP[+1]
You struggle against the net.
You tear a large gash into the net.
The gnoll hits you from afar with a +0 spear. 😕 HP[-1]
You take 1 damage, and now have 26/27 hp.
You rip the net and break free!
The gnoll hits you from afar with a +0 spear. 😕 HP[-3]
You take 3 damage, and now have 23/27 hp.
The gnoll misses you.
The gnoll throws a throwing net.
The throwing net hits you.
You become entangled in the net!
There is a stone staircase leading down here.
You see here a throwing net {=f!fthrowing}.
Unknown command.
Unknown command.
You struggle against the net.
The gnoll hits you from afar with a +0 spear!
The gnoll hits you with a +0 flail!
* * * LOW HITPOINT WARNING * * *
😱 HP[-18]
You take 18 damage, and now have 5/27 hp.
MASSIVE DAMAGE!! (PAUSE) Unknown command.
You struggle against the net.
The gnoll closely misses you. The gnoll hits you with a +0 whip.
* * * LOW HITPOINT WARNING * * *
The gnoll completely misses you. The gnoll hits you with a +0 flail!
You die...

Skill      XL: |  1  2  3 |
---------------+----------+-----
Stealth        | 3 |  3.1
Spellcasting   | 3 |  3.4
Dodging        | |  2.2
Transmutations | |  1.3
Earth Magic    | |  3.1

Action                   |  1- 3 |  4- 6 || total
-------------------------+-------+-------++-------
Melee: Club              |     3 |       ||     3
       Dagger            |    20 |    12 ||    32
       Constrict         |     7 |     4 ||    11
       Tentacles         |     4 |     1 ||     5
 Cast: Sandblast         |    40 |     5 ||    45
 Stab: Sleeping          |     1 |       ||     1
Armor: Skin              |     1 |     2 ||     3
Dodge: Dodged            |    15 |    10 ||    25

Levels and vault maps discovered:
D:1:      elethiomel_arrival_infinity_welcomes_careful_drivers, layout_basic,
          serial_curves, eino_curves_04, eino_curves_01,
          hellmonk_ecumenical_altar_heavens_door, hex_tiny
D:2:      layout_rooms, basic_altar, serial_shops, nicolae_shop_waterfront,
          shop_coins
D:3:      cheibrodos_thug_alley, layout_basic, serial_shops, shop,
          columned_hall_lemuel, uniq_jessica, uniq_crazy_yiuf_cottage,
          uniq_grinder, uniq_robin

Notes
Turn   | Place    | Note
-------+----------+-------------------------------------------
     0 | D:1      | spaghetti the Octopode Earth Elementalist began the quest
                  | for the Orb.
     0 | D:1      | Reached XP level 1. HP: 11/11 MP: 3/3
     0 | D:1      | magus.rc [v1.9.6]
   267 | D:1      | Reached XP level 2. HP: 17/17 MP: 1/5
   327 | D:1      | Reached skill level 3 in Stealth
   451 | D:1      | Found a faded altar of an unknown god.
   529 | D:1      | Prayed at the altar of an unknown god.
   529 | D:1      | Became a worshipper of Sif Muna the Loreminder
   529 | D:1      | Reached * piety under Sif Muna
   634 | D:1      | Learned a level 2 spell: Passwall
   758 | D:1      | Reached XP level 3. HP: 21/21 MP: 4/6
  1159 | D:2      | Reached skill level 3 in Spellcasting
  1206 | D:2      | Found a shadowy altar of Dithmenos.
  1274 | D:2      | Found Sepnipn's General Store.
  1457 | D:2      | Reached XP level 4. HP: 20/27 MP: 8/8
  1605 | D:2      | Found Buhecw's Magic Scroll Shop.
  1714 | D:2      | Reached ** piety under Sif Muna
  1755 | D:2      | You pick up a book of Debilitation and begin reading...
  1755 | D:2      | You add the spells Slow, Vampiric Draining and Confusing
                  | Touch to your library.
  2028 | D:3      | Found Qeemmi's Antique Armour Shop.
  2060 | D:3      | HP: 5/27 [gnoll/+0 flail (10)]
  2061 | D:3      | HP: 1/27 [gnoll/+0 whip (4)]
  2061 | D:3      | Mangled by a gnoll

Vanquished Creatures
  An adder (D:2)
  A worm (D:2)
  A dart slug (D:1)
  8 ball pythons
  4 bats
  6 endoplasms
  3 giant cockroaches
  5 goblins
  6 hobgoblins
  2 jackals (D:1)
  6 kobolds
  2 quokkas (D:2)
  3 rats
48 creatures vanquished.

Table legend:
 A = Non-vault XP
 B = Vault XP
 C = Vault XP percentage of total XP
 D = Non-vault monster count
 E = Vault monster count
 F = Vault count percentage of total count
                 A         B        C        D         E       F
            +---------+---------+-------+---------+---------+-------
      Total |      96 |       0 |   0.0 |      48 |       0 |   0.0
            +---------+---------+-------+---------+---------+-------
        D:1 |      42 |       0 |   0.0 |      23 |       0 |   0.0
        D:2 |      50 |       0 |   0.0 |      22 |       0 |   0.0
        D:3 |       4 |       0 |   0.0 |       3 |       0 |   0.0
            +---------+---------+-------+---------+---------+-------

Illustrated notes

Table legend:
 A = Kills in this place as a percentage of kills in entire the game.
 B = Kills by you in this place as a percentage of kills by you in the entire game.
 C = Kills by friends in this place as a percentage of kills by friends in the entire game.
 D = Other kills in this place as a percentage of other kills in the entire game.
 E = Experience gained in this place as a percentage of experience gained in the entire game.
 F = Experience gained in this place divided by the number of levels of this place that you have seen.
                   A       B       C       D       E      F
               +-------+-------+-------+-------+-------+----------------------
         Total | 100.0 | 100.0 |   N/A |   N/A | 100.0 |  32.0
       Dungeon | 100.0 | 100.0 |   N/A |   N/A | 100.0 |  32.0
               +-------+-------+-------+-------+-------+----------------------

Table legend: (Time is in decaauts)
 A = Elapsed time spent in this place.
 B = Non-inter-level travel time spent in this place.
 C = Inter-level travel time spent in this place.
 D = Time resting spent in this place.
 E = Time spent auto-exploring this place.
 F = Levels seen in this place.
 G = Mean time per level.
                   A        B        C        D        E       F      G
               +--------+--------+--------+--------+--------+-----+--------+
         Total |   2061 |   1985 |     76 |    235 |   1459 |   3 |  687.0 |
       Dungeon |   2061 |   1985 |     76 |    235 |   1459 |   3 |  687.0 |
               +--------+--------+--------+--------+--------+-----+--------+

Top non-repeatable levels by time:
     D:1: 1091 daAuts
     D:2: 833 daAuts
     D:3: 136 daAuts
